[Event "Titled Tuesday Blitz April 4 Early 2023"]
[White "Wagner, Dennis"]
[Black "Tokman, Ariel"]
[WhiteFideId "24650684"]
[BlackFideId "117420"]
[WhiteElo "2470"]
[BlackElo "2263"]
[Result "1-0"]
[Round "05"]
[TimeControl "180+2"]
[Date "2023.04.04"]
[WhiteClock "0:00:54"]
[BlackClock "0:00:05"]

1. d4 Nf6 2. Nf3 e6 3. c4 d5 4. g3 c5 5. Bg2 Nc6 6. O-O dxc4 7. Qa4 Bd7 8. Qxc4 cxd4 9. Nxd4 Nxd4 10. Qxd4 Bc6 11. Bxc6+ bxc6 12. Qa4 Qb6 13. Nd2 Be7 14. Nc4 Qb5 15. Qc2 O-O 16. b3 a5 17. a4 Qb7 18. Bd2 Bb4 19. Rfd1 Bxd2 20. Rxd2 Qb4 21. Rad1 Rab8 22. Rd3 Nd5 23. e4 Nf6 24. Nd6 c5 25. Rc3 Rfd8 26. e5 Nd7 27. Nc4 Nf8 28. Rd6 Ng6 29. Rcd3 Qe1+ 30. Kg2 Qe4+ 31. f3 Qa8 32. Nb6 1-0


[Site "https://www.chess.com"]

[Event "Titled Tuesday Blitz April 4 Early 2023"]
[White "Weetik, Vjacheslav"]
[Black "Golubev, Mikhail"]
[WhiteFideId "4153472"]
[BlackFideId "14100983"]
[WhiteElo "2469"]
[BlackElo "2374"]
[Result "1-0"]
[Round "05"]
[TimeControl "180+2"]
[Date "2023.04.04"]
[WhiteClock "0:00:17"]
[BlackClock "0:00:01"]

1. d4 Nf6 2. c4 g6 3. g3 Bg7 4. Bg2 O-O 5. Nc3 d6 6. Nf3 Nbd7 7. O-O e5 8. e4 exd4 9. Nxd4 Re8 10. Re1 c6 11. Bf4 Ne5 12. b3 Nfd7 13. Bf1 Qa5 14. Rc1 Nc5 15. h3 Ned3 16. Bxd3 Bxd4 17. Ne2 Bb2 18. Rb1 Bxh3 19. Bc2 Ba3 20. Bd2 Bb4 21. Bxb4 Qxb4 22. Nf4 Be6 23. Qd4 Qb6 24. Rbd1 Rad8 25. Kg2 Na6 26. Qf6 Qc7 27. e5 dxe5 28. Nxe6 fxe6 29. Bxg6 hxg6 30. Rxd8 Qxd8 31. Qxg6+ Kf8 32. Rh1 1-0


[Site "https://www.chess.com"]

[Event "Titled Tuesday Blitz April 4 Early 2023"]
[White "Reprintsev, Alexander"]
[Black "Rohith Krishna S"]
[WhiteFideId "14100541"]
[BlackFideId "46617051"]
[WhiteElo "2211"]
[BlackElo "2270"]
[Result "0-1"]
[Round "05"]
[TimeControl "180+2"]
[Date "2023.04.04"]
[WhiteClock "0:00:02"]
[BlackClock "0:00:15"]

1. e4 e5 2. Nf3 Nc6 3. Bc4 Nf6 4. Ng5 d5 5. exd5 Na5 6. Bb5+ c6 7. dxc6 bxc6 8. Bd3 Nd5 9. h4 Nf4 10. Bf1 h6 11. Ne4 f5 12. g3 fxe4 13. gxf4 Bf5 14. fxe5 Bc5 15. Qh5+ g6 16. Qe2 O-O 17. Nc3 Kh7 18. b4 Bxb4 19. Nxe4 Qd4 20. Ng5+ hxg5 21. hxg5+ Kg7 22. Rb1 Bxc2 23. Rb2 Bf5 24. e6 Rae8 25. Rxb4 Qa1 26. Kd1 Rxe6 27. Qa6 Rfe8 28. Bg2 c5 29. Rbh4 Rxa6 30. Rh7+ Kg8 0-1


[Site "https://www.chess.com"]

[Event "Titled Tuesday Blitz April 4 Early 2023"]
[White "Nguyen, Hong Anh"]
[Black "Krysa, Leandro"]
[WhiteFideId "12406732"]
[BlackFideId "116807"]
[WhiteElo "2054"]
[BlackElo "2489"]
[Result "0-1"]
[Round "05"]
[TimeControl "180+2"]
[Date "2023.04.04"]
[WhiteClock "0:00:40"]
[BlackClock "0:00:13"]

1. d4 Nf6 2. c4 g6 3. Nf3 Bg7 4. g3 d5 5. cxd5 Nxd5 6. Bg2 Nb6 7. O-O Nc6 8. e3 e5 9. Nc3 O-O 10. d5 Na5 11. e4 c6 12. Qe1 cxd5 13. exd5 Nac4 14. b3 Nd6 15. Ba3 Re8 16. Rc1 e4 17. Nd2 Bxc3 18. Rxc3 Nb5 19. Nxe4 Nxa3 20. Nf6+ Qxf6 21. Qxe8+ Kg7 22. Rf3 Bf5 23. Qe3 Qd6 24. Qd4+ Kg8 25. Rf4 Re8 26. h4 h5 27. Bf3 Nb5 28. Qd2 Nd7 29. Be2 Nc7 30. Rd1 Nf6 31. Bf3 Bg4 32. Bxg4 Nxg4 33. Qd4 b6 34. a4 Ne5 35. Kg2 Nd7 36. Rd3 Re5 37. Rdf3 f5 38. Qc4 Rxd5 39. Rd4 Nf6 40. Re3 Kg7 41. Rxd5 Qxd5+ 42. Qxd5 Nfxd5 43. Re6 Nxe6 0-1


[Site "https://www.chess.com"]

[Event "Titled Tuesday Blitz April 4 Early 2023"]
[White "Wahedi, Ahmad Siar"]
[Black "De La Colina, Nicolas"]
[WhiteFideId "4651260"]
[BlackFideId "30946921"]
[WhiteElo "2251"]
[BlackElo "2046"]
[Result "1-0"]
[Round "05"]
[TimeControl "180+2"]
[Date "2023.04.04"]
[WhiteClock "0:00:51"]
[BlackClock "0:00:04"]

1. d4 g6 2. Nf3 Bg7 3. c3 d6 4. Nbd2 Nd7 5. e3 e5 6. b3 Ngf6 7. Bb2 O-O 8. Be2 e4 9. Ng1 Re8 10. c4 c6 11. g4 Nf8 12. h4 Qe7 13. h5 h6 14. hxg6 Nxg6 15. Nh3 Nh7 16. Qc2 Bd7 17. O-O-O Rac8 18. Rdg1 d5 19. c5 b6 20. Nf1 bxc5 21. dxc5 Nf6 22. g5 hxg5 23. Nxg5 Ne5 24. Ng3 Neg4 25. Nh5 Nxh5 26. Rxh5 Nf6 27. Nh7 Nxh5 28. Bxh5 Kxh7 29. Rxg7+ Kh6 30. Qd1 Be6 31. Bxf7 Bxf7 32. Qh1+ Bh5 33. Rxe7 Rxe7 34. Qh4 Rf7 35. Be5 Rg8 36. Bf4+ Kg6 37. Qg5+ Kh7 38. Qxh5+ Kg7 39. Qh6# 1-0


[Site "https://www.chess.com"]

[Event "Titled Tuesday Blitz April 4 Early 2023"]
[White "Prohaszka, Peter"]
[Black "Deng, Henry"]
[WhiteFideId "726265"]
[BlackFideId "30965454"]
[WhiteElo "2626"]
[BlackElo "2466"]
[Result "0-1"]
[Round "05"]
[TimeControl "180+2"]
[Date "2023.04.04"]
[WhiteClock "0:00:02"]
[BlackClock "0:00:13"]

1. d4 d5 2. c3 Nf6 3. Bf4 Bf5 4. Qb3 Qc8 5. e3 e6 6. c4 c6 7. Nc3 Nbd7 8. Rc1 a6 9. h3 Be7 10. Nf3 O-O 11. cxd5 exd5 12. Be2 b5 13. Qd1 Qb7 14. O-O Nb6 15. Ne5 Rac8 16. Nb1 Ne4 17. Nd3 Rfd8 18. b3 c5 19. f3 cxd4 20. fxe4 dxe4 21. Rxc8 Rxc8 22. Ne5 f6 23. Bh2 Be6 24. Bg4 Qd5 25. Bxe6+ Qxe6 26. Qg4 Qd5 27. Qh5 fxe5 28. exd4 Qxd4+ 29. Kh1 Bf6 30. Rxf6 gxf6 31. Qg4+ Kf7 32. Bg1 Rc1 33. Qh5+ Ke6 34. Qg4+ Kd6 0-1


[Site "https://www.chess.com"]

[Event "Titled Tuesday Blitz April 4 Early 2023"]
[White "Kowalczyk, Pawel"]
[Black "Nguyen Hong Nhung"]
[WhiteFideId "1130641"]
[BlackFideId "12412201"]
[WhiteElo "2324"]
[BlackElo "1968"]
[Result "1-0"]
[Round "05"]
[TimeControl "180+2"]
[Date "2023.04.04"]
[WhiteClock "0:00:19"]
[BlackClock "0:00:12"]

1. e4 c5 2. Ne2 e6 3. g3 Nc6 4. Bg2 g6 5. d4 cxd4 6. Nxd4 Bg7 7. Nb5 Qa5+ 8. N1c3 Be5 9. Nd6+ Bxd6 10. Qxd6 Qb4 11. Qd2 h5 12. O-O Nge7 13. a3 Qb6 14. b4 O-O 15. Bb2 f6 16. Rad1 a5 17. b5 Ne5 18. Qd4 Qxd4 19. Rxd4 Rd8 20. f4 Nf7 21. a4 Ra7 22. Ba3 Kf8 23. Bh3 Ke8 24. Rfd1 b6 25. Nb1 Rc7 26. c4 d5 27. exd5 e5 28. Bxc8 exd4 29. Be6 Rxc4 30. Nd2 Rxa4 31. Bb2 Nxd5 32. Ne4 Ke7 33. Bh3 Ne3 34. Rd3 f5 35. Nd2 Rd5 36. Nb3 Rxb5 37. Bxd4 Nc2 38. Bg7 Ra3 39. Nc1 Rxd3 40. Nxd3 Rb1+ 41. Kf2 b5 42. Bg2 Nd6 43. Bd5 Ne4+ 44. Kg2 Nd6 45. Bg8 Rd1 46. Ne5 Rd2+ 47. Kf3 Ne8 48. Nxg6+ Kd7 49. Bh8 b4 50. Ne5+ Kc7 51. Nc4 Rxh2 52. Nxa5 Nd4+ 53. Bxd4 Nf6 54. Bxf6 Rd2 55. Be5+ Kc8 56. Be6+ Kd8 57. Nc6+ Ke8 58. Nxb4 Rb2 59. Bxb2 h4 60. gxh4 Ke7 61. Bxf5 Kd6 62. Bd4 Ke7 63. Be5 Kf7 64. Nd5 Kg8 65. Bg6 Kf8 66. Bf6 Kg8 67. h5 Kf8 68. h6 Kg8 69. Bg5 Kf8 70. f5 Kg8 71. f6 Kh8 72. Bf4 Kg8 73. Be5 Kh8 74. f7# 1-0


[Site "https://www.chess.com"]

[Event "Titled Tuesday Blitz April 4 Early 2023"]
[White "Iskusnyh, Sergei"]
[Black "Shubenkova, Veronika"]
[WhiteFideId "4120027"]
[BlackFideId "44124040"]
[WhiteElo "2492"]
[BlackElo "2027"]
[Result "0-1"]
[Round "05"]
[TimeControl "180+2"]
[Date "2023.04.04"]
[WhiteClock "0:00:07"]
[BlackClock "0:00:20"]

1. d4 d5 2. c4 e6 3. Nf3 Nf6 4. g3 Be7 5. Bg2 O-O 6. Qc2 b6 7. O-O Bb7 8. cxd5 exd5 9. Nc3 c6 10. Bf4 Nbd7 11. Rad1 Rc8 12. Bh3 Ra8 13. Ne5 Nxe5 14. dxe5 Nh5 15. Bc1 Bc8 16. Bg2 Be6 17. e4 d4 18. f4 Bc4 19. Ne2 b5 20. Nxd4 Bxf1 21. Bxf1 Qb6 22. Kg2 g6 23. f5 Bc5 24. Nb3 Be3 25. f6 Rfd8 26. Re1 Bxc1 27. Qxc1 Re8 28. g4 Rxe5 29. gxh5 Rxh5 30. Be2 Rh4 31. Qg5 Rxh2+ 32. Kxh2 Qf2+ 33. Qg2 Qxe1 34. Bg4 Qh4+ 35. Bh3 Qxf6 36. Qd2 Rd8 37. Qe3 Qe5+ 38. Kg2 Qxb2+ 39. Kg3 Qxa2 40. e5 Qc2 41. Nc5 Qd2 42. Qf3 Qe1+ 43. Kf4 Qh4+ 44. Ke3 Qg5+ 45. Ke4 Rd5 46. Nd7 Qh4+ 47. Bg4 Rxd7 48. e6 Qe1+ 49. Kf4 fxe6 50. Kg5 Qe5+ 51. Kh6 Rd5 52. Bxe6+ Qxe6 53. Qf7+ Kxf7 54. Kxh7 Rh5# 0-1


[Site "https://www.chess.com"]

[Event "Titled Tuesday Blitz April 4 Early 2023"]
[White "Sargissyan, Sargis"]
[Black "Perez Gormaz, Matias"]
[WhiteFideId "13303210"]
[BlackFideId "3406342"]
[WhiteElo "2109"]
[BlackElo "2362"]
[Result "0-1"]
[Round "05"]
[TimeControl "180+2"]
[Date "2023.04.04"]
[WhiteClock "0:00:02"]
[BlackClock "0:00:03"]

1. e4 c5 2. Nf3 Nc6 3. d4 cxd4 4. Nxd4 Nf6 5. Nc3 d6 6. Bg5 Bd7 7. Qd2 Rc8 8. f3 Nxd4 9. Qxd4 Qa5 10. Be3 a6 11. Qb6 Qxb6 12. Bxb6 g6 13. a4 Bg7 14. Bd3 O-O 15. Bd4 Rc7 16. O-O Rfc8 17. a5 Be6 18. Rfd1 Nd7 19. Bxg7 Kxg7 20. Ne2 Nc5 21. Nd4 Bd7 22. Be2 g5 23. Bf1 Kf6 24. Kf2 Ne6 25. c3 Nf4 26. g3 Ng6 27. Ke3 Ne5 28. Be2 h6 29. f4 Ng6 30. Rf1 Kg7 31. Bh5 e5 32. Ne2 exf4+ 33. gxf4 gxf4+ 34. Nxf4 Ne5 35. Rg1+ Kf8 36. Nd5 Rc5 37. Raf1 Be6 38. Nf4 Ke7 39. Nxe6 Kxe6 40. Rg7 R8c7 41. Rh7 Rxa5 42. Rxh6+ Ke7 43. Rff6 Rc6 44. Rf5 Rb5 45. Bxf7 Nxf7 46. Rh7 Rxf5 47. exf5 Kf6 48. Kf4 Rc4+ 49. Ke3 Ne5 50. Rxb7 Rh4 51. Ra7 Kxf5 52. Rxa6 d5 53. Rd6 Nc4+ 0-1


[Site "https://www.chess.com"]

[Event "Titled Tuesday Blitz April 4 Early 2023"]
[White "EREBUNI91"]
[Black "Becerra, Juan David"]
[BlackFideId "4404998"]
[WhiteElo "2672"]
[BlackElo "2276"]
[Result "0-1"]
[Round "05"]
[TimeControl "180+2"]
[Date "2023.04.04"]
[WhiteClock "0:00:03"]
[BlackClock "0:00:08"]

1. e4 e5 2. Nf3 Nc6 3. Bb5 f5 4. d3 fxe4 5. dxe4 d6 6. Qd3 Be7 7. O-O Nf6 8. Nc3 a6 9. Bxc6+ bxc6 10. Qc4 Bd7 11. Ng5 Rf8 12. f4 Qc8 13. fxe5 dxe5 14. Be3 Bd6 15. Bc5 h6 16. Nf3 a5 17. Na4 Qa6 18. Qxa6 Rxa6 19. Rfe1 Bg4 20. Rad1 Bxf3 21. gxf3 Ke7 22. f4 Nd7 23. Bxd6+ cxd6 24. f5 g6 25. fxg6 Rg8 26. Rd2 Rxg6+ 27. Kh1 Ra8 28. c4 Rf8 29. Red1 Rf4 30. c5 Rxe4 31. cxd6+ Ke6 32. Nc3 Re3 33. Rf2 Rf6 34. Rxf6+ Kxf6 35. Rf1+ Ke6 36. Rg1 Kxd6 37. Rg6+ Kc7 38. Rxh6 Rd3 39. Rg6 Rd2 40. Rg2 Rd3 41. Re2 Kd6 42. Rd2 Rd4 43. Re2 Nf6 44. Kg2 Nd5 45. Ne4+ Kc7 46. Kg3 Nf4 47. Re3 Nd5 48. Re1 a4 49. Ng5 Rd3+ 50. Kg4 Rd4+ 51. Kh5 Nf4+ 52. Kh6 Rd6+ 53. Kh7 Nd3 54. Re3 c5 55. h4 c4 56. h5 Nxb2 57. h6 Nd3 58. Kg7 c3 59. h7 c2 60. h8=Q c1=Q 61. Kg8 Qxe3 62. Qg7+ Rd7 63. Ne6+ Kd6 64. Qf8+ Kxe6 65. Qh6+ Qxh6 0-1


[Site "https://www.chess.com"]

[Event "Titled Tuesday Blitz April 4 Early 2023"]
[White "Kubatko, Ivan"]
[Black "Ezat, Mohamed"]
[WhiteFideId "24111473"]
[BlackFideId "10600906"]
[WhiteElo "2285"]
[BlackElo "2386"]
[Result "0-1"]
[Round "05"]
[TimeControl "180+2"]
[Date "2023.04.04"]
[WhiteClock "0:00:02"]
[BlackClock "0:00:27"]

1. e4 e5 2. Nf3 Nc6 3. Nc3 Nf6 4. g3 d5 5. exd5 Nxd5 6. d3 Bb4 7. Bd2 O-O 8. Bg2 Bg4 9. h3 Bh5 10. O-O Bxc3 11. bxc3 Re8 12. Rb1 Nb6 13. g4 Bg6 14. Ng5 Rb8 15. Ne4 Ne7 16. Nc5 c6 17. c4 Qd6 18. Bb4 Qc7 19. Ba5 Qd6 20. Bb4 Qd8 21. a4 Nd7 22. Nxd7 Qxd7 23. a5 f5 24. Bc5 a6 25. Re1 fxg4 26. Qxg4 Nf5 27. Ba7 Rbc8 28. Bc5 Qf7 29. Be4 Re6 30. f4 Nd4 31. Bxd4 Bxe4 32. Rxe4 Rg6 33. Bxe5 h5 34. Qg5 Rxg5+ 35. fxg5 Qf5 36. Rbe1 Qxh3 37. R4e3 Qg4+ 38. Rg3 Qf5 39. g6 Re8 40. d4 c5 41. c3 h4 42. Rg2 Re6 43. Rf2 Rxg6+ 44. Kf1 Qd3+ 45. Ree2 h3 46. Bh2 Rg2 47. Rxg2 hxg2+ 48. Kf2 Qxc4 49. Re1 Qxc3 50. Bg3 Qxd4+ 51. Kxg2 c4 52. Re8+ Kh7 53. Rb8 c3 54. Rc8 Qd5+ 55. Kh2 Qd2+ 56. Kg1 c2 0-1


[Site "https://www.chess.com"]

[Event "Titled Tuesday Blitz April 4 Early 2023"]
[White "Ronka, Erik"]
[Black "Vlassov, Nikolai"]
[WhiteFideId "505080"]
[BlackFideId "4103360"]
[WhiteElo "2264"]
[BlackElo "2324"]
[Result "0-1"]
[Round "05"]
[TimeControl "180+2"]
[Date "2023.04.04"]
[WhiteClock "0:02:08"]
[BlackClock "0:02:30"]

1. e4 Nc6 2. Nc3 Nf6 3. d4 d5 4. e5 Nd7 5. Nxd5 Ndb8 6. Ne3 Qxd4 7. Qxd4 Nxd4 8. c3 Nf5 9. Bd3 Nxe3 10. Bxe3 Nc6 11. f4 Be6 12. b3 O-O-O 13. O-O-O Bd5 14. Bf1 e6 15. Kc2 Be4+ 0-1


[Site "https://www.chess.com"]

[Event "Titled Tuesday Blitz April 4 Early 2023"]
[White "Maxfan2008"]
[Black "Gold_Ocean"]
[WhiteElo "2434"]
[BlackElo "2643"]
[Result "0-1"]
[Round "05"]
[TimeControl "180+2"]
[Date "2023.04.04"]
[WhiteClock "0:02:06"]
[BlackClock "0:02:03"]

1. d4 Nf6 2. c4 e6 3. Nc3 Bb4 4. Nf3 O-O 5. Bg5 h6 6. Bh4 d6 7. Qc2 Qe7 8. e4 g5 9. Nxg5 hxg5 10. Bxg5 e5 11. a3 Bxc3+ 12. Qxc3 exd4 13. Qg3 Qxe4+ 14. Be2 Nh5 15. Qb3 Re8 16. O-O Qxe2 0-1


[Site "https://www.chess.com"]

[Event "Titled Tuesday Blitz April 4 Early 2023"]
[White "Sieciechowicz, Marcin"]
[Black "Kashtanov, Ruslan"]
[WhiteFideId "1130170"]
[BlackFideId "4124871"]
[WhiteElo "2302"]
[BlackElo "2276"]
[Result "1-0"]
[Round "05"]
[TimeControl "180+2"]
[Date "2023.04.04"]
[WhiteClock "0:00:07"]
[BlackClock "0:00:03"]

1. d4 Nf6 2. c4 g6 3. Nc3 Bg7 4. e4 d6 5. f3 O-O 6. Be3 a6 7. Qd2 Nbd7 8. O-O-O b5 9. e5 Ne8 10. c5 c6 11. f4 Qa5 12. Kb1 b4 13. Ne4 f5 14. Ng5 dxc5 15. Bc4+ Kh8 16. Nf7+ Kg8 17. Nd8+ Kh8 18. Nxc6 Qc7 19. d5 e6 20. Bb3 Bb7 21. dxe6 Nb6 22. e7 Qxc6 23. exf8=Q+ Bxf8 24. Nf3 c4 25. Bc2 b3 26. axb3 cxb3 27. Bxb3 Nc4 28. Bxc4 Qxc4 29. Ng5 h6 30. Rc1 Qa4 31. Qc2 Qxc2+ 32. Rxc2 hxg5 33. Rd2 Be4+ 34. Ka2 gxf4 35. Bxf4 Ng7 36. Rc1 Ne6 37. Be3 Nf4 38. Bxf4 Bb4 39. Rd4 Be7 40. e6 Bf6 41. Rd7 Kg8 42. Rcc7 Bxg2 43. e7 1-0


[Site "https://www.chess.com"]

[Event "Titled Tuesday Blitz April 4 Early 2023"]
[White "Domingo Nunez, Alejandro"]
[Black "Meduri, Aakaash"]
[WhiteFideId "22245561"]
[BlackFideId "2032252"]
[WhiteElo "2291"]
[BlackElo "2113"]
[Result "1-0"]
[Round "05"]
[TimeControl "180+2"]
[Date "2023.04.04"]
[WhiteClock "0:00:10"]
[BlackClock "0:00:03"]

1. Nf3 d5 2. g3 g6 3. Bg2 Bg7 4. d4 Nc6 5. O-O Nf6 6. c4 dxc4 7. Nc3 O-O 8. h3 Nd5 9. e4 Nxc3 10. bxc3 b5 11. Rb1 a6 12. a4 Rb8 13. Ba3 Re8 14. e5 Na5 15. Ng5 h6 16. Ne4 Nb3 17. axb5 axb5 18. Nc5 Nxc5 19. Bxc5 Bf5 20. Ra1 Qd7 21. g4 Be6 22. Ra7 Bd5 23. Bxd5 Qxd5 24. Rxc7 Rb7 25. Rxb7 Qxb7 26. Re1 Rd8 27. e6 f5 28. gxf5 gxf5 29. Qh5 Rf8 30. f4 Kh7 31. Kf2 Kh8 32. Qg6 Rf6 33. Qe8+ Kh7 34. Qh5 Qa6 35. Bxe7 Qa2+ 36. Re2 Qb1 37. Bxf6 Bxf6 38. Qf7+ Bg7 39. e7 Qh1 40. Qxf5+ 1-0


[Site "https://www.chess.com"]

[Event "Titled Tuesday Blitz April 4 Early 2023"]
[White "Bodnaruk, Anastasia"]
[Black "Iljin, Timofey"]
[WhiteFideId "4181751"]
[BlackFideId "14110180"]
[WhiteElo "2310"]
[BlackElo "2382"]
[Result "1-0"]
[Round "05"]
[TimeControl "180+2"]
[Date "2023.04.04"]
[WhiteClock "0:00:13"]
[BlackClock "0:00:04"]

1. e4 e5 2. Nf3 Nc6 3. Bb5 a6 4. Ba4 d6 5. O-O Bd7 6. c4 g6 7. Nc3 Bg7 8. d3 Nge7 9. h3 O-O 10. Nd5 h6 11. Re1 Nd4 12. Bxd7 Qxd7 13. Nxd4 exd4 14. Bxh6 Nc6 15. Bxg7 Kxg7 16. f4 a5 17. f5 f6 18. Nf4 g5 19. Ne6+ Kf7 20. Qh5+ Ke7 21. Qh7+ Rf7 22. Qh5 Ne5 23. Nxd4 Nxd3 24. Re3 Nf4 25. Qg4 Rh7 26. Nf3 Nh5 27. Rae1 Kf8 28. h4 Re8 29. hxg5 fxg5 30. Nxg5 Nf6 31. Nxh7+ Qxh7 32. Qf4 Nh5 33. Qg5 Kf7 34. Rh3 Rh8 35. e5 dxe5 36. Rxe5 Nf6 37. Rxh7+ Rxh7 38. Qg6+ Kf8 39. Qxf6+ Kg8 40. Re8# 1-0


[Site "https://www.chess.com"]

[Event "Titled Tuesday Blitz April 4 Early 2023"]
[White "Omariev, Maksim"]
[Black "Fishchuk, Vladyslav"]
[WhiteFideId "4193423"]
[BlackFideId "34122117"]
[WhiteElo "2423"]
[BlackElo "2082"]
[Result "0-1"]
[Round "05"]
[TimeControl "180+2"]
[Date "2023.04.04"]
[WhiteClock "0:00:01"]
[BlackClock "0:00:30"]

1. g4 d5 2. Bg2 Bxg4 3. c4 c6 4. Qb3 Nf6 5. Qxb7 Nbd7 6. Nc3 e6 7. d3 Be7 8. Nf3 O-O 9. Bf4 Nc5 10. Qxc6 Rc8 11. cxd5 exd5 12. Ne5 Rxc6 13. Nxc6 Qd7 14. Nxe7+ Qxe7 15. O-O d4 16. Nb5 Qxe2 17. Bd6 Nxd3 18. Nxd4 Qxb2 19. Bxf8 Kxf8 20. Nc6 Qd2 21. Rab1 g6 22. Rb8+ Kg7 23. Rd8 Be2 24. Rb1 Bd1 25. Kf1 Qxf2# 0-1


[Site "https://www.chess.com"]

[Event "Titled Tuesday Blitz April 4 Early 2023"]
[White "Volkov, Maksim"]
[Black "Chandreyee, Hajra"]
[WhiteFideId "54123070"]
[BlackFideId "5056535"]
[WhiteElo "2312"]
[BlackElo "1725"]
[Result "0-1"]
[Round "05"]
[TimeControl "180+2"]
[Date "2023.04.04"]
[WhiteClock "0:00:01"]
[BlackClock "0:00:12"]

1. d4 e6 2. c4 f5 3. Nf3 Nf6 4. g3 Be7 5. Bg2 O-O 6. O-O d6 7. Nc3 Ne4 8. Qc2 Nxc3 9. Qxc3 Nc6 10. d5 Bf6 11. Qc2 Nb4 12. Qd2 a5 13. a3 Na6 14. Qxa5 b6 15. Qd2 Nc5 16. Qc2 e5 17. Be3 f4 18. Bxc5 bxc5 19. Nd2 Qe8 20. Ne4 Qh5 21. Bf3 Qh6 22. Rfb1 g5 23. Bg2 g4 24. Qd2 Be7 25. Nxc5 Rf5 26. Ne6 Rh5 27. gxf4 Rxh2 28. Qd3 exf4 29. Re1 Bxe6 30. dxe6 Ra5 31. Qe4 Rah5 32. Rad1 f3 33. Qxg4+ Rg5 34. Qxf3 Rgxg2+ 35. Qxg2+ Rxg2+ 36. Kxg2 Qxe6 37. Rd3 Qxc4 38. Rg3+ Kf7 39. e3 Qc2 40. b4 Ke6 41. Rh1 Qe4+ 42. Rf3 Bg5 43. Rh5 h6 44. Rh1 Qa8 45. Rd1 Qxa3 46. b5 Qb4 47. Rd4 Qxb5 48. Re4+ Kd7 49. Rf8 Qd5 50. Kf3 c5 51. Re8 c4 52. Ke2 Qd3+ 53. Kf3 Qd1+ 54. Kg2 c3 55. Rg8 c2 56. Rg7+ Kc6 57. Rc4+ Kd5 58. Rgc7 Qd3 59. Rxc2 Qe4+ 60. Kf1 Qh1+ 61. Ke2 Ke6 62. Rc8 h5 63. Re8+ Kf7 64. Rcc8 Qd5 65. Rf8+ Ke6 66. Rfe8+ Kf5 67. Rf8+ Kg4 68. Rc2 Qb5+ 69. Ke1 Qb4+ 70. Kf1 d5 71. Kg2 Qxf8 72. f3+ Qxf3+ 0-1


[Site "https://www.chess.com"]

[Event "Titled Tuesday Blitz April 4 Early 2023"]
[White "Ambartsumova, Karina"]
[Black "Mohammed, Zozek Salah Mohammed"]
[WhiteFideId "4166299"]
[BlackFideId "4803361"]
[WhiteElo "2240"]
[BlackElo "2211"]
[Result "1-0"]
[Round "05"]
[TimeControl "180+2"]
[Date "2023.04.04"]
[WhiteClock "0:00:12"]
[BlackClock "0:00:14"]

1. e4 e6 2. d4 d5 3. Nc3 Nf6 4. e5 Nfd7 5. f4 c5 6. Be3 Nc6 7. Nf3 a6 8. Qd2 b5 9. a3 Qb6 10. Be2 cxd4 11. Nxd4 Bc5 12. Rd1 Bb7 13. O-O Nxd4 14. Bxd4 Bxd4+ 15. Qxd4 Qxd4+ 16. Rxd4 Nc5 17. Bf3 O-O 18. f5 Rac8 19. Bg4 Rfe8 20. f6 g6 21. h4 Nd7 22. Re1 Rc4 23. Rxc4 dxc4 24. Bf3 Bxf3 25. gxf3 Kf8 26. f4 Nb6 27. Rd1 Rb8 28. Rd6 Ke8 29. Kf2 h6 30. Kf3 Rb7 31. Ke4 Rb8 32. Kd4 Rd8 33. Kc5 Nd7+ 34. Kb4 Ra8 35. Ka5 Nc5 36. Kb6 Nd7+ 37. Kb7 Rd8 38. Kxa6 Nc5+ 39. Kxb5 Rxd6 40. exd6 Nb7 41. Kc6 1-0


[Site "https://www.chess.com"]

[Event "Titled Tuesday Blitz April 4 Early 2023"]
[White "Hajiyev, Kanan"]
[Black "Gontcharov, Vladislav"]
[WhiteFideId "13404148"]
[BlackFideId "4123492"]
[WhiteElo "2103"]
[BlackElo "2420"]
[Result "0-1"]
[Round "05"]
[TimeControl "180+2"]
[Date "2023.04.04"]
[WhiteClock "0:00:27"]
[BlackClock "0:00:25"]

1. d4 Nf6 2. Nf3 e6 3. c4 c5 4. d5 exd5 5. cxd5 d6 6. Nc3 g6 7. Bf4 a6 8. a4 Bg7 9. e3 O-O 10. h3 Qe7 11. Bd3 Nbd7 12. O-O Ne8 13. Bg5 Bf6 14. Bh6 Ng7 15. Ne4 Bxb2 16. Rb1 Be5 17. Nxe5 Nxe5 18. Bg5 f6 19. Bf4 Bf5 20. Bc2 Rab8 21. Rb6 Bxe4 22. Bxe4 Nc4 23. Bxd6 Nxd6 24. Bf3 Rfd8 25. Qc2 Nc8 26. Rb3 b5 27. axb5 axb5 28. Rc1 c4 29. Rc3 Nd6 30. e4 b4 31. Rxc4 Nxc4 32. Qxc4 Qd6 33. Qb3 Rdc8 34. Rd1 Rc3 35. Qa4 b3 36. Bg4 h5 37. Bd7 b2 38. Bb5 Rc1 39. Bd3 b1=Q 40. Bxb1 Rbxb1 0-1


[Site "https://www.chess.com"]

[Event "Titled Tuesday Blitz April 4 Early 2023"]
[White "Martic, Ivan"]
[Black "Mazurkiewicz, Michal"]
[WhiteFideId "929301"]
[BlackFideId "1124943"]
[WhiteElo "2360"]
[BlackElo "2054"]
[Result "1-0"]
[Round "05"]
[TimeControl "180+2"]
[Date "2023.04.04"]
[WhiteClock "0:01:47"]
[BlackClock "0:01:09"]

1. d4 Nf6 2. Bg5 e6 3. e4 h6 4. Bxf6 Qxf6 5. c3 d6 6. Bd3 Qg5 7. g3 e5 8. Nf3 Qe7 9. h3 g6 10. Nbd2 Bg7 11. Kf1 O-O 12. Kg2 f5 13. exf5 gxf5 14. dxe5 dxe5 15. Re1 e4 16. Nh4 Kh7 17. Nxe4 fxe4 18. Rxe4 Bxh3+ 19. Kxh3 Qd7+ 20. Rg4+ Kg8 21. Bc4+ Kh7 22. Qc2+ Kh8 23. Ng6+ 1-0


[Site "https://www.chess.com"]

[Event "Titled Tuesday Blitz April 4 Early 2023"]
[White "Silva Lucena, Cristian"]
[Black "Sielecki, Christof"]
[WhiteFideId "2232588"]
[BlackFideId "4620437"]
[WhiteElo "2223"]
[BlackElo "2443"]
[Result "0-1"]
[Round "05"]
[TimeControl "180+2"]
[Date "2023.04.04"]
[WhiteClock "0:00:23"]
[BlackClock "0:00:17"]

1. Nf3 d5 2. e3 Nf6 3. c4 e6 4. d4 Nbd7 5. Be2 a6 6. O-O dxc4 7. Bxc4 b5 8. Be2 Bb7 9. a4 bxa4 10. Qxa4 c5 11. dxc5 Bxc5 12. b4 Be7 13. Ne5 O-O 14. Nxd7 Qxd7 15. Qxd7 Nxd7 16. Bb2 Bxb4 17. Nc3 Nf6 18. Na4 Nd5 19. Bf3 a5 20. Rfc1 Rac8 21. h4 Rxc1+ 22. Rxc1 Rc8 23. Rxc8+ Bxc8 24. Bxd5 exd5 25. Nb6 Bb7 26. Kf1 f6 27. Ke2 Kf7 28. h5 Ke6 29. Kd3 Bc6 30. g4 a4 31. f4 h6 32. g5 hxg5 33. fxg5 Bb5+ 34. Kc2 fxg5 35. Bxg7 Be8 36. h6 Bg6+ 37. Kb2 a3+ 38. Kb3 Bc5 39. Na4 Bxe3 40. Kxa3 g4 41. Nc3 g3 42. Ne2 g2 43. Kb3 g1=Q 44. Nxg1 Bxg1 45. Kc3 Bc5 46. Kb3 Kf5 47. Kc3 Ke4 48. Kb3 Be3 49. Kc3 d4+ 50. Bxd4 Bxd4+ 51. Kc4 Bf6 52. Kc5 Kf5 53. Kd6 Kg5 54. Ke6 Bc3 55. Kd5 Kxh6 56. Ke6 Kg5 57. Kd5 Bf5 58. Kd6 Kf4 59. Kd5 Be5 60. Kc6 Ke4 61. Kb7 Kd5 62. Kb6 Bd6 63. Kb5 Bd7+ 64. Ka5 Kc5 65. Ka6 Bc6 66. Ka5 Bc7+ 67. Ka6 Kb4 68. Ka7 Be5 69. Kb6 Bd5 70. Ka6 Ka4 71. Kb6 Bd6 72. Ka6 Be4 73. Kb6 Kb4 74. Ka6 Be5 75. Kb6 Bd3 76. Kc6 Bc4 77. Kd7 Kc5 78. Ke7 Bd5 79. Kd7 Bf6 80. Kc7 Bc6 81. Kb8 Kb6 82. Kc8 Bb5 83. Kb8 Bd7 84. Ka8 Be7 85. Kb8 Bd6+ 86. Ka8 Bc6# 0-1


[Site "https://www.chess.com"]

[Event "Titled Tuesday Blitz April 4 Early 2023"]
[White "Souleidis, Georgios"]
[Black "Rizzo, Tobias"]
[WhiteFideId "4206827"]
[BlackFideId "30942691"]
[WhiteElo "2401"]
[BlackElo "2415"]
[Result "1-0"]
[Round "05"]
[TimeControl "180+2"]
[Date "2023.04.04"]
[WhiteClock "0:00:52"]
[BlackClock "0:00:23"]

1. e4 c5 2. Be2 Nc6 3. d3 g6 4. f4 Bg7 5. Nf3 e6 6. O-O Nge7 7. c3 d6 8. Be3 O-O 9. d4 cxd4 10. cxd4 d5 11. e5 Qb6 12. Qd2 Bd7 13. Nc3 Na5 14. b3 Rfc8 15. Rac1 Bf8 16. g4 Nec6 17. Na4 Qd8 18. Nc5 b6 19. Na6 Nb7 20. Bf2 Qe8 21. Bh4 Bg7 22. Bd3 Qf8 23. Bf6 Bxf6 24. exf6 Nd6 25. Qe3 Qd8 26. g5 Nf5 27. Bxf5 exf5 28. Rfe1 Be6 29. Ne5 Nxe5 30. Qxe5 Qf8 31. Nc7 Rab8 32. Nxe6 fxe6 33. Qxe6+ Kh8 34. Rxc8 Rxc8 35. Qxd5 Rd8 36. Qe5 Qf7 37. Qe7 Qd5 38. Qg7# 1-0


[Site "https://www.chess.com"]